FIQ, neutral male gnomish Wizard ----------------- |...............| $$$ * + |.|.---.---.---%|-- |.|.| ..|.....|.|.| + * --|.-----.---.|...| * |.........|.|...| ? |---------|.|.----- + ? |.*.......|.|.|...| * * |..*....%.|.|--.|o--- ? |....<....-.|...|o..| ?* [ |...*.....|.|.--|.-.| |..*.....*|...| |.a.. * -----------------V..-- Z |@.d.... * * a |.|f|...-- h Z Me M .|...|... |...{.|.- M......... -------- FIQ the Conjurer Experience level: 5 Strength: 13 Dexterity: 13 Constitution: 16 Intelligence: 19 Wisdom: 10 Charisma: 7 Health: 0(37) Energy: 16(49) Def: 0 Gold: 0 Moves: 3046 Dungeon seed: 9dvomxWOkLUr2fgq Game ID: FIQ_1469219367 Your Inventory: Weapons p - a +0 dagger E - a +0 elven dagger (weapon in hand) Armor e - an uncursed burnt +0 cloak of magic resistance (being worn) Comestibles C - an uncursed food ration F - an uncursed tripe ration I - an uncursed candy bar M - an uncursed fortune cookie Scrolls K - a blessed scroll of remove curse N - an uncursed scroll of identify Potions L - an uncursed potion of object detection Rings c - an uncursed +2 ring of gain constitution d - an uncursed ring of stealth Tools b - an uncursed bag of holding n - an uncursed blindfold Contents of the bag of holding: an uncursed scroll of enchant weapon 2 uncursed scrolls of identify an uncursed scroll of magic mapping a wand of striking (0:6) Spells and supernatural/magical abilities: Name Level Category Fail Memory a - force bolt 1 attack 0% 85% n - detect monsters 1 divination 0% 85% W - pray for help -- divine ? -- Your skills at the end: Fighting Skills wands [Basic] Weapon Skills dagger [Basic] quarterstaff [Basic] Spellcasting Skills attack spells [Basic] divination spells [Skilled] enchantment spells [Basic] Final Attributes: You were piously aligned. You were poison resistant. You were magic-protected. You had infravision. You were sensing the presence of monsters. You are dead. Vanquished creatures: an ettin mummy a flaming sphere an orc mummy a soldier ant an imp a water nymph a rock piercer a rock mole a shrieker a golden naga hatchling 2 giant ants a kitten a homunculus a kobold lord a kobold shaman a rothe 3 giant bats an orc zombie 4 dwarf zombies 2 werejackals 2 iguanas an acid blob 2 gas spores 5 hobbits a giant rat 2 cave spiders a brown mold a garter snake 2 geckos 2 jackals 4 goblins a sewer rat 5 grid bugs 5 lichens 4 kobold zombies 7 newts 72 creatures vanquished. Voluntary challenges: You used a wielded weapon 49 times, starting on turn 36. You read items or engraved 58 times, starting on turn 1872. You never genocided any monsters. You never polymorphed an object. You never changed form. You used no wishes. You never split a pudding. You wrote Elbereth's name 55 times, starting on turn 1872. You never violated your personal moral code. Dungeon overview: The Dungeons of Doom: levels 1 to 2 Level 1 some fountains a long staircase Level 2 stairs to The Gnomish Mines The Gnomish Mines: levels 3 to 10 Level 3 stairs to The Dungeons of Doom Level 6 some shops, a temple to Thoth, some fountains Level 7 Level 8 Level 9 Level 10 <- You were here a fountain History has recorded: On T:1 you entered the Dungeons of Doom to retrieve the Amulet of Yendor! On T:240 you advanced to experience level 2. On T:297 you reached level 2 of The Dungeons of Doom. On T:532 you reached level 1 of The Gnomish Mines. On T:1040 you advanced to experience level 3. On T:1075 you reached level 4 of The Gnomish Mines. On T:1852 you advanced to experience level 4. On T:1929 you reached level 5 of The Gnomish Mines. On T:2038 you advanced to experience level 5. On T:2350 you reached level 6 of The Gnomish Mines. On T:2659 you reached level 7 of The Gnomish Mines. On T:2679 you reached level 8 of The Gnomish Mines. Score breakdown: Gold: 0 ( 0 points) Experience: 5 levels (11141 points) Exploration: 10 levels ( 20.83%) (13127 points) Discoveries: 4 items ( 1.37%) ( 3517 points) Valuables value: (no points given unless you survive) Artifact value: 0 ( 0 points) Variety of kills: 36 monsters ( 9.40%) ( 9197 points) Turncount: 3046 turns ( -622 points) Survival: died (score multiplied by 80%) Total score: 29088 Latest messages: The force bolt hits the soldier ant! The force bolt misses the vampire. The force bolt hits the vampire! The vampire resists! The vampire turns to flee! You hear a vampire pronouncing the formula on a scroll labeled PRIRUTSENIE! The force bolt hits the vampire! The force bolt hits the hell hound! The hell hound breathes fire! The blast of fire hits you! Your cloak smoulders! The blast of fire bounces! The blast of fire hits you! You die... Final status: Goodbye FIQ the Wizard, killed by a blast of fire... You died in The Gnomish Mines on dungeon level 10 with 29088 points, and 0 pieces of gold, after 3046 moves. You were level 5 with a maximum of 37 hit points when you died.